AoeStats
← bisusuperman

Arena

506652630Analyzed
4v4 RM · 18d ago on Sep 14, 2026· 30m 16s· 8 players
Game mode
Random Map
Map size
Large (8 player)
Population
200
Speed
Normal
Resources
Standard
Victory
Conquest
Starting age
Dark Age
Ending age
Imperial Age
RankedLock teamsTeams togetherTeam positionsShared explorationLock speedFull tech treeHidden civsTurbo modeCheats
Victory
Defeat
🇹🇼 Khmer · Taiwan
1322
+15
🇻🇳 Byzantines · Vietnam
1304
+16
🇭🇰 Burgundians · Hong Kong SAR China
1288
+16
🇭🇰 Turks · Hong Kong SAR China
1280
+17
🇹🇼 Mongols · Taiwan
1353
-18
🇨🇳 Wei · China
1347
-18
🇹🇼 Japanese · Taiwan
1306
-16
🇨🇳 Mongols · China
1192
-12
五虎上將-黃忠
13:28 Feudal Age
14:10 Double-Bit Axe
14:16 Gold Mining
17:16 Castle Age
21:17 Imperial Age
18:40 Horse Collar
20:19 Bow Saw
22:25 Padded Archer Armor
27:02 Leather Archer Armor
27:59 Wheelbarrow
五虎上將-張飛
1:59 Loom
5:13 Double-Bit Axe
12:28 Feudal Age
16:57 Castle Age
16:09 Bow Saw
15:40 Horse Collar
15:54 Gold Mining
18:28 Husbandry
20:42 Heavy Plow
20:05 Cavalier
24:07 Scale Barding Armor
25:36 Gold Shaft Mining
27:30 Chain Barding Armor
28:49 Wheelbarrow
28:50 Devotion
30:38 Hand Cart
31:15 Crop Rotation
BøM_從小不缺鮑魚
9:45 Feudal Age
13:43 Castle Age
11:42 Double-Bit Axe
12:00 Horse Collar
14:38 Bow Saw
14:31 Heavy Plow
21:00 Wheelbarrow
21:12 Gold Mining
21:58 Hand Cart
23:00 Gold Shaft Mining
22:46 Stone Mining
26:04 Scale Barding Armor
26:09 Forging
28:31 Imperial Age
26:33 Loom
27:15 Chain Barding Armor
27:39 Bloodlines
27:29 Husbandry
28:32 Iron Casting
28:36 Elite Battle Elephant
30:40 Plate Barding Armor
29:32 Capped Ram
31:02 Crop Rotation
lequochuypy96
11:51 Feudal Age
13:04 Double-Bit Axe
13:48 Gold Mining
16:04 Castle Age
13:47 Horse Collar
15:40 Wheelbarrow
18:16 Bow Saw
18:29 Heavy Plow
19:29 Hand Cart
19:34 Hand Cart
25:31 Gold Shaft Mining
26:00 Stone Mining
28:53 Imperial Age
26:11 Loom
27:20 Fletching
27:30 Padded Archer Armor
28:53 Stone Shaft Mining
28:20 Bodkin Arrow
28:31 Scale Barding Armor
30:40 Chemistry
29:43 Bracer
30:56 Two-Man Saw
30:46 Crop Rotation
30:10 Treadmill Crane
popo770723
10:17 Feudal Age
15:27 Castle Age
13:22 Double-Bit Axe
13:22 Horse Collar
15:20 Gold Mining
15:53 Bloodlines
19:21 Forging
21:29 Scale Barding Armor
21:27 Husbandry
25:23 Heavy Plow
28:10 Wheelbarrow
29:15 Iron Casting
Norman_X
11:28 Feudal Age
15:07 Castle Age
13:02 Horse Collar
13:42 Double-Bit Axe
14:47 Arson
15:16 Forging
16:33 Bow Saw
15:54 Man-at-Arms
18:04 Long Swordsman
20:48 Squires
22:09 Wheelbarrow
23:55 Hand Cart
24:12 Town Watch
25:17 Gold Mining
25:33 Pikeman
26:51 Iron Casting
26:17 Scale Mail Armor
28:37 Chain Mail Armor
只爆叉叉
10:51 Feudal Age
12:02 Double-Bit Axe
14:32 Castle Age
12:29 Horse Collar
15:46 Bow Saw
15:43 Heavy Plow
22:56 Wheelbarrow
23:02 Stone Mining
23:40 Gold Mining
23:53 Loom
24:43 Hand Cart
25:48 Gold Shaft Mining
26:25 Scale Barding Armor
26:30 Forging
28:52 Imperial Age
27:50 Chain Barding Armor
28:05 Tuntian
28:10 Husbandry
28:07 Treadmill Crane
28:43 Bloodlines
29:21 Iron Casting
29:10 Heavy Hei Guang Cavalry
30:14 Conscription
30:19 Ming Guang Armor
31:52 Blast Furnace
bisusuperman
12:13 Feudal Age
12:51 Double-Bit Axe
13:18 Stone Mining
15:45 Castle Age
15:45 Horse Collar
17:51 Bow Saw
26:23 Loom
27:50 Gold Mining
28:21 Heavy Plow
28:14 Fletching
Connection lost

Rejoining the realm…

Still unreachable

The connection could not be restored.

Session expired

The server has moved on; the page needs a fresh start.